 Dungeon Crawl Stone Soup version 0.32-a0-868-g153ae1a8d6 (webtiles) character file.

Game seed: 3335232774613101220

1207 KennySheep the Destroyer (level 7, -1/36 HPs)
             Began as a Deep Elf Conjurer on Mar 28, 2024.
             Was a Follower of Ru.
             Slain by a hound (3 damage)
             ... on level 5 of the Dungeon.
             The game lasted 00:17:28 (5682 turns).

KennySheep the Destroyer (Deep Elf Conjurer)        Turns: 5682, Time: 00:17:28

Health: -1/36      AC:  2    Str:  4    XL:     7   Next: 21%
Magic:  6/18       EV: 11    Int: 25    God:    Ru [*.....]
Gold:   313        SH:  0    Dex: 13    Spells: 6/18 levels left

rFire   . . .        l - staff of alchemy
rCold   . . .        (no shield)
rNeg    + . .        a - +0 robe
rPois   +            (no helmet)
rElec   .            (no cloak)
rCorr   .            (no gloves)
SInv    .            (no boots)
Will    .....        (no amulet)
Stlth   ++           n - ring of positive energy
HPRegen 0.26/turn    (no ring)
MPRegen 0.16/turn

%: no passive effects
@: very slightly contaminated
A: inexperienced 1
a: Renounce Religion


You were on level 5 of the Dungeon.
You worshipped Ru.
Ru was aware of your devotion.
You visited 1 branch of the dungeon, and saw 5 of its levels.

You collected 433 gold pieces.
You spent 120 gold pieces at shops.

Inventory:

Hand Weapons
 s - a +3 short sword
Armour
 a - a +0 robe (worn)
Magical Staves
 l - a staff of alchemy (weapon)
Jewellery
 n - a ring of positive energy (left hand)
 u - a ring of magical power
Wands
 p - a wand of flame (15)
Scrolls
 d - a scroll of torment
 f - 2 scrolls of revelation
 h - 4 scrolls of identify
 j - a scroll of immolation
 k - 2 scrolls of noise
 m - a scroll of fog
 q - a scroll of summoning {unknown}
Potions
 b - a potion of magic
 c - 4 potions of brilliance
 e - a potion of might
 g - a potion of haste {unknown}
 i - a potion of curing {unknown}
 o - a potion of degeneration {unknown}
 r - a potion of invisibility {unknown}
 t - a potion of lignification {unknown}


   Skills:
 - Level 2.4 Dodging
 - Level 2.4 Stealth
 + Level 6.3 Spellcasting
 * Level 8.2 Conjurations
 - Level 2.8 Translocations
 * Level 5.8 Alchemy


You had 6 spell levels left.
You knew the following spells:

 Your Spells              Type           Power      Damage    Failure   Level
a - Magic Dart            Conj           100%       1d8       1%          1
b - Searing Ray           Conj           98%        2d8       1%          2
c - Iskenderun's Mystic Conj/Tloc 35%            2d8        (+2d4     8%          4
d - Irradiate             Conj/Alch      29%        3d21      11%         5

Your spell library contained the following spells:

 Spells                   Type           Power      Damage    Failure   Level
 Shock                    Conj/Air       100%       1d9       1%          1
 Fulminant Prism          Conj/Alch      29%        3d14      4%          4
 Call Imp                 Summ           14%        N/A       11%         2
 Sublimation of Blood     Necr           7%         N/A       11%         2
 Swiftness                Air            7%         N/A       22%         3
 Airstrike                Air            3%         2d(1-17)  56%         4
 Summon Hydra             Summ           3%         N/A       100%        7


Dungeon Overview and Level Annotations

Branches:
Dungeon (5/15)             Temple (0/1) D:4

Altars:
Elyvilon
Makhleb
Ru
Zin

Shops:
D:2 (:[   D:4 :

Annotations:
D:4 1 runed translucent door, Crazy Yiuf


Innate Abilities, Weirdness & Mutations

You are somewhat inexperienced. (-1 XL)


Message History

Dowan is almost dead.
The hound barks!
The searing ray hits Duvessa.
Duvessa is moderately wounded.
The searing ray hits Dowan.
You kill Dowan!
Duvessa screams, "No!
How DARE you!"
Duvessa goes berserk!
Duvessa hits you with a +0 rapier!
Your Conjurations skill increases to level 8!
The searing ray hits Duvessa.
Duvessa is heavily wounded.
The searing ray hits the hound.
The hound is moderately wounded.
You finish channelling your searing ray.
Duvessa hits you with a +0 rapier! x2
* * * LOW HITPOINT WARNING * * *
Okay, then.
Okay, then.
Casting: Searing Ray (safe; 1% risk of failure)
Confirm with . or Enter, or press ? or * to list all spells.
You feel a surge of power!
You erupt in a fountain of uncontrolled magic!
Duvessa is blasted with magical radiation!!
You kill Duvessa!
You are very lightly contaminated with residual magic.
The hound barely misses you.
Casting: Irradiate (extremely dangerous; 11% risk of failure)
Confirm with . or Enter, or press ? or * to list all spells.
Aiming: Searing Ray (safe; 1% risk of failure)
Press: ? - help, Shift-Dir - straight line, f - hound
Aim: a hound (moderately wounded, 76% to hit)
The searing ray hits the hound!
The hound is almost dead. (Press . to maintain the ray.)
The hound misses you.
The searing ray misses the hound.
The hound bites you.
* * * LOW HITPOINT WARNING * * *
The hound bites you.
You die...
Ru respects your ultimate sacrifice.

...)....#.# #....#......
........#.# ###
#....#...... ........#.##
#.####......#####
........#.##.
#.##.#....[.#
.......#.##.##.##.#......#
####
#..........+......#####
#.......#...........
##+#####.#....#.........
.....)h@.#....#####...##
.....#####..............
... #...(####..#### .
#..............
.....###.#.....
.............[..
.#.......#..<....
........... .. .....>.


You could see a hound.

Vanquished Creatures
  Duvessa (D:5)
  2 ogres
  A phantom (D:5)
  A centaur (D:5)
  2 kobold brigands (D:4)
  A bullfrog (D:4)
  2 scorpions (D:5)
  Dowan (D:5)
  An iguana (D:5)
  Terence (D:3)
  Natasha (thrice) (D:4)
  13 gnolls (D:4)
  5 adders
  A shadow imp (D:5)
  2 dart slugs (D:4)
  3 ribbon worms
  3 orcs (D:5)
  3 bats
  5 endoplasms
  2 giant cockroaches
  8 hobgoblins
  38 kobolds
  A quokka (D:5)
  7 ball pythons
  5 goblins
  3 rats (D:1)
115 creatures vanquished.

Notes
Turn   | Place    | Note
-------+----------+-------------------------------------------
     0 | D:1      | KennySheep the Deep Elf Conjurer began the quest for the
                  | Orb.
     0 | D:1      | Reached XP level 1. HP: 10/10 MP: 6/6
   517 | D:1      | Reached skill level 1 in Translocations
   519 | D:1      | Reached XP level 2. HP: 15/15 MP: 0/8
   957 | D:2      | Found a glowing silver altar of Zin.
   962 | D:2      | Found Cyal's Antique Armour Shoppe.
  1005 | D:2      | Found Fayzaow's Book Boutique.
  1122 | D:2      | Found Tequwnil's Weapon Shop.
  1163 | D:1      | Learned a level 2 spell: Searing Ray
  1363 | D:2      | Reached XP level 3. HP: 19/19 MP: 5/9
  1632 | D:3      | Reached skill level 5 in Conjurations
  1694 | D:3      | Noticed Terence
  1698 | D:3      | Killed Terence
  1699 | D:3      | Reached XP level 4. HP: 20/24 MP: 5/11
  2146 | D:3      | Found a sacrificial altar of Ru.
  2158 | D:3      | Became a worshipper of Ru the Awakened
  2510 | D:4      | Found a staircase to the Ecumenical Temple.
  2612 | D:4      | Noticed an ogre
  2790 | D:4      | Noticed a bullfrog
  2790 | D:4      | Found a burning altar of Makhleb.
  2865 | D:4      | Found Kittorche's Tiny Tomes.
  3026 | D:4      | Bought the Anthology of Rubedo for 120 gold pieces
  3031 | D:4      | Learned a level 4 spell: Iskenderun's Mystic Blast
  3101 | D:4      | Noticed Natasha
  3104 | D:4      | Killed Natasha
  3185 | D:4      | Noticed Natasha
  3190 | D:4      | Killed Natasha
  3191 | D:4      | Reached skill level 1 in Alchemy
  3191 | D:4      | Reached XP level 5. HP: 28/28 MP: 8/13
  3277 | D:4      | Noticed Natasha
  3284 | D:4      | Killed Natasha
  3442 | D:4      | Learned a level 5 spell: Irradiate
  3586 | D:4      | Killed an ogre
  3587 | D:4      | Reached skill level 6 in Conjurations
  3587 | D:4      | Reached XP level 6. HP: 32/32 MP: 6/14
  4099 | D:4      | Gained mutation: You are somewhat inexperienced. (-1 XL)
                  | [Ru sacrifice]
  4099 | D:4      | Reached XP level 5. HP: 28/28 MP: 12/14
  4099 | D:4      | Reached * piety under Ru
  4197 | D:4      | Reached skill level 5 in Spellcasting
  4298 | D:4      | Reached XP level 6. HP: 27/32 MP: 6/15
  4430 | D:4      | Reached skill level 7 in Conjurations
  4707 | D:4      | Found a runed translucent door.
  4708 | D:4      | Noticed Crazy Yiuf
  5146 | D:5      | Entered Level 5 of the Dungeon
  5368 | D:5      | Reached skill level 5 in Alchemy
  5589 | D:5      | Found a white marble altar of Elyvilon.
  5606 | D:5      | Reached XP level 7. HP: 22/36 MP: 12/18
  5674 | D:5      | Noticed Duvessa
  5674 | D:5      | Noticed Dowan
  5678 | D:5      | Killed Dowan
  5679 | D:5      | Reached skill level 8 in Conjurations
  5680 | D:5      | Killed Duvessa
  5682 | D:5      | Slain by a hound

Illustrated notes

Levels and vault maps discovered:
D:1:      dpeg_arrival_round_a, layout_loops_ring, minmay_box_of_dots
D:2:      layout_rooms, serial_shops, nicolae_square_shop, shop_fountains, shop,
          basic_altar
D:3:      layout_loops_ring, nicolae_ru_awakened_eye, uniq_terence
D:4:      minmay_goblin_kobold_castle, layout_loops_ring, old_standard_altar,
          minmay_temple_entry_slanted, nicolae_shop_i_like_small_books_too,
          minivault_25, uniq_natasha, uniq_crazy_yiuf_cottage
D:5:      layout_basic, mainiacjoe_overflow_boulevard, minivault_24,
          uniq_duvessa

Skill      XL: |  1  2  3  4  5  6  7 |
---------------+----------------------+-----
Translocations | 1 2 |  2.8
Conjurations   | 5 6 7 8 |  8.2
Spellcasting   | 4 5 6 |  6.3
Alchemy        | 1 2 5 |  5.8
Dodging        | |  2.4
Stealth        | |  2.4

Action                     |  1- 3 |  4- 6 |  7- 9 || total
---------------------------+-------+-------+-------++-------
  Melee: Staff             |       |     5 |       ||     5
   Cast: Magic Dart        |    54 |    95 |       ||   149
         Searing Ray       |     2 |    30 |     3 ||    35
         Irradiate         |       |       |     1 ||     1
 Invoke: Sacrifice Experie |       |     1 |       ||     1
    Use: Scroll            |       |     5 |       ||     5
         Potion            |       |     2 |       ||     2
 Armour: Robe              |     6 |    42 |     5 ||    53
  Dodge: Dodged            |     1 |    47 |     2 ||    50

Table legend: (Time is in decaauts)
 A = Elapsed time spent in this place.
 B = Non-inter-level travel time spent in this place.
 C = Inter-level travel time spent in this place.
 D = Time resting spent in this place.
 E = Time spent auto-exploring this place.
 F = Levels seen in this place.
 G = Mean time per level.
                   A        B        C        D        E       F      G
               +--------+--------+--------+--------+--------+-----+--------+
         Total |   5688 |   5325 |    363 |    584 |   4109 |   5 | 1137.6 |
       Dungeon |   5688 |   5325 |    363 |    584 |   4109 |   5 | 1137.6 |
               +--------+--------+--------+--------+--------+-----+--------+

Top non-repeatable levels by time:
     D:4: 2672 daAuts
     D:1: 1061 daAuts
     D:3: 850 daAuts
     D:2: 568 daAuts
     D:5: 535 daAuts
